 Dungeon Crawl Stone Soup version 0.29.1-4-g47bece8355 (webtiles) character file.

Game seed: 17078510210257099024

422 LustLizard the Shooter (level 6, -1/30 HPs)
             Began as a Spriggan Hunter on Dec 4, 2022.
             Shot with an arrow by a centaur (3 damage)
             ... on level 5 of the Dungeon on Dec 5, 2022.
             The game lasted 00:09:03 (4480 turns).

LustLizard the Shooter (Spriggan Hunter)            Turns: 4480, Time: 00:09:03

Health: -1/30      AC:  4    Str:  7    XL:     6   Next: 63%
Magic:  7/7        EV: 18    Int: 10    God:
Gold:   213        SH:  0    Dex: 21    Spells: 5/5 levels left

rFire   + . .      SeeInvis +   a - +0 shortbow
rCold   . . .      Faith    .   (shield currently unavailable)
rNeg    . . .      Spirit   .   o - +2 robe {rF+}
rPois   .          Reflect  .   (helmet restricted)
rElec   .          Harm     .   (no cloak)
rCorr   .          Rampage  .   (gloves unavailable)
Will    +....                   (boots unavailable)
Stlth   ++++......              (no amulet)
HPRegen 0.10/turn               (no ring)
MPRegen 0.10/turn               (no ring)

@: very quick
A: very small, no large weapons, unfitting armour, see invisible, speed 3
a: no special abilities


You were on level 5 of the Dungeon.
You visited 1 branch of the dungeon, and saw 5 of its levels.

You collected 213 gold pieces.

Inventory:

Hand Weapons
 a - a +0 shortbow (weapon)
Armour
 c - a +1 robe
 o - a +2 robe of fire resistance (worn)
Scrolls
 b - a scroll of immolation
 d - 2 scrolls of teleportation {unknown}
 g - 2 scrolls of enchant armour
 h - 4 scrolls of identify
 i - a scroll of fear {unknown}
 j - a scroll of magic mapping {unknown}
 l - a scroll of poison {unknown}
 m - a scroll of silence {unknown}
 q - a scroll of vulnerability {unknown}
Potions
 e - 2 potions of mutation
 f - 4 potions of degeneration
 k - a potion of flight {unknown}
 n - 2 potions of invisibility
 p - a potion of curing {unknown}
 r - a potion of might {unknown}


   Skills:
 - Level 1.5 Fighting
 * Level 7.0 Ranged Weapons
 - Level 2.6 Dodging
 + Level 6.2 Stealth


You had 5 spell levels left.
You didn't know any spells.
Your spell library contained the following spells:

 Spells                   Type           Power      Damage    Failure   Level
 Gell's Gravitas          Tloc           0%         N/A       75%         3
 Lesser Beckoning         Tloc           0%         N/A       75%         3
 Teleport Other           Tloc           0%         N/A       75%         3
 Borgnjor's Revivificati  Necr           0%         N/A       100%        8
 Necromutation            Tmut/Necr      0%         N/A       100%        8
 Death's Door             Necr           0%         N/A       100%        9


Dungeon Overview and Level Annotations

Branches:
Dungeon (5/15)
 Temple: D:4-7

Altars:
Cheibriados
Wu Jian
Xom

Annotations:
D:4 Eustachio


Innate Abilities, Weirdness & Mutations

You are very small and have problems with some larger weapons.
You are too small for most types of armour.
You have supernaturally acute eyesight. (SInv)
You cover ground extremely quickly. (Speed+++)


Message History

The scorpion is almost dead.
You shoot an arrow. The arrow hits the scorpion!
You kill the scorpion!
Your Ranged Weapons skill increases to level 7!
You see here a scorpion corpse.
There is a stone staircase leading down here.
No target in view!
Fire: a) +0 shortbow
Press: ? - help, Q - select action Shift-Dir - straight line, f - centaur
Aim: a centaur, wielding a +0 shortbow (wandering, hasn't noticed you, 75% to hit)
You shoot an arrow.
The arrow completely misses the centaur.
The centaur shouts!
The centaur shoots an arrow.
The arrow hits you.
The centaur shoots an arrow.
The arrow hits you!
You hear a shout!
Fire: a) +0 shortbow
Press: ? - help, Q - select action Shift-Dir - straight line, f/p - centaur
Aim: a centaur, wielding a +0 shortbow (75% to hit)
You shoot an arrow. The arrow hits the centaur!
The centaur is heavily wounded.
Unknown command.
Fire: a) +0 shortbow
Press: ? - help, Q - select action Shift-Dir - straight line, f/p - centaur
Aim: a centaur, wielding a +0 shortbow (heavily wounded, 75% to hit)
You shoot an arrow. The arrow hits the centaur.
The centaur is severely wounded.
The centaur shoots an arrow.
The arrow hits you!
* * * LOW HITPOINT WARNING * * *
The centaur shoots an arrow.
The arrow hits you.
* * * LOW HITPOINT WARNING * * *
You hear a shout! x2
Fire: a) +0 shortbow
Press: ? - help, Q - select action Shift-Dir - straight line, f/p - centaur
Aim: a centaur, wielding a +0 shortbow (severely wounded, 75% to hit)
You shoot an arrow. The arrow hits the centaur!
The centaur is almost dead.
The centaur shoots an arrow.
The arrow misses you.
The centaur shoots an arrow.
The arrow hits you.
You die...

....... .......
....... .......
..(c... (......
.......#########
........@......#
##############.#
#.# #.# #.# #.#
#.# #.# #.#


You could see a centaur.

Vanquished Creatures
  Sigmund (D:2)
  A scorpion (D:5)
  A hound (D:4)
  A jelly (D:4)
  A gnoll bouda (D:4)
  An adder (D:4)
  3 gnolls (D:4)
  2 ufetubi
  A worm (D:4)
  3 dart slugs
  3 ball pythons (D:1)
  5 endoplasms
  3 giant cockroaches
  5 hobgoblins
  5 jackals
  6 bats
  6 frilled lizards
  5 goblins
  4 kobolds
  8 rats
65 creatures vanquished.

Notes
Turn   | Place    | Note
-------+----------+-------------------------------------------
     0 | D:1      | LustLizard the Spriggan Hunter began the quest for the Orb.
     0 | D:1      | Reached XP level 1. HP: 10/10 MP: 2/2
   103 | D:1      | Reached XP level 2. HP: 14/14 MP: 3/3
   488 | D:1      | Reached XP level 3. HP: 14/18 MP: 4/4
   824 | D:2      | Noticed Sigmund
  1222 | D:2      | Found a faded altar of an unknown god.
  2321 | D:3      | Reached skill level 5 in Ranged Weapons
  2806 | D:2      | Killed Sigmund
  2807 | D:2      | Reached skill level 6 in Ranged Weapons
  2807 | D:2      | Reached skill level 5 in Stealth
  2807 | D:2      | Reached XP level 4. HP: 18/22 MP: 5/5
  2807 | D:2      | Reached XP level 5. HP: 20/25 MP: 6/6
  2977 | D:4      | Found a shimmering altar of Xom.
  3202 | D:4      | Reached XP level 6. HP: 20/30 MP: 7/7
  3451 | D:4      | Noticed Eustachio
  3590 | D:4      | Found a snail-covered altar of Cheibriados.
  3777 | D:5      | Entered Level 5 of the Dungeon
  3856 | D:5      | Found an ornate altar of the Wu Jian Council.
  4429 | D:5      | Reached skill level 7 in Ranged Weapons
  4480 | D:5      | Shot with an arrow by a centaur

Illustrated notes

Levels and vault maps discovered:
D:1:      saegor_arrival_miasma, layout_rooms, nicolae_eternal_life
D:2:      layout_loops_ring, shapermc_ecumenical_altar_totnotflames,
          uniq_sigmund
D:3:      layout_basic, minivault_26
D:4:      layout_basic, chei_slow_surprise, lemuel_crystal_altar,
          kennysheep_donut, dreamdust_princess_corridor, chequers_jeans,
          uniq_eustachio
D:5:      layout_basic, kennysheep_mini_moat, lemuel_crystal_altar,
          chequers_serial_rivers_room_b, uniq_crazy_yiuf_cottage

Skill      XL: |  1  2  3  4  5  6 |
---------------+-------------------+-----
Stealth        | 2 5 6 |  6.2
Ranged Weapons | 6 7 |  7.0
Fighting       | |  1.5
Dodging        | |  2.6

Action                   |  1- 3 |  4- 6 || total
-------------------------+-------+-------++-------
 Fire: Shortbow          |   122 |    89 ||   211
  Use: Scroll            |     3 |       ||     3
       Potion            |       |     1 ||     1
Armor: Robe              |     3 |     3 ||     6
Dodge: Dodged            |    24 |    23 ||    47
